 Dungeon Crawl Stone Soup version 0.28-a0-863-g8cecda6153 (webtiles) character file.

Game seed: 9929339827645192570

362 sanka the Chopper (level 6, -1/50 HPs)
             Began as a Palentonga Abyssal Knight on Nov 17, 2021.
             Was a Priest of Lugonu.
             Succumbed to a kobold brigand's curare-tipped dart
             ... on level 3 of the Dungeon.
             The game lasted 00:06:16 (5479 turns).

sanka the Chopper (Palentonga Abyssal Knight)       Turns: 5479, Time: 00:06:17

Health: -1/50      AC:  4    Str: 18    XL:     6   Next: 39%
Magic:  8/8        EV:  7    Int: 10    God:    Lugonu [***...]
Gold:   147        SH:  7    Dex: 11    Spells: 5/5 levels left

rFire   . . .      SeeInvis +   a - +1 hand axe
rCold   . . .      Faith    .   j - +0 kite shield
rNeg    . . .      Spirit   .   b - +0 leather armour
rPois   .          Reflect  .   (no helmet)
rElec   .          Harm     .   (no cloak)
rCorr   +          Rampage  .   (no gloves)
Will    .....                   (no barding)
Stlth   +.........              (no amulet)
HPRegen 0.16/turn               (no ring)
MPRegen 0.11/turn               g - ring of resist corrosion

@: lethally poisoned (-1 -> -12), slowed, very slow
A: large, rugged brown scales 3, see invisible, deformed body, roll 1, armoured
tail
a: Rolling Charge, Renounce Religion, Depart the Abyss, Bend Space, Banish


You were on level 3 of the Dungeon.
You worshipped Lugonu.
Lugonu was most pleased with you.
You visited 1 branch of the dungeon, and saw 4 of its levels.
You visited the Abyss 2 times.

You collected 147 gold pieces.


Innate Abilities, Weirdness & Mutations

You are completely covered in rugged brown scales. (AC +3, +7% HP)
You have supernaturally acute eyesight. (SInv)
Armour fits poorly on your strangely shaped body.
You can roll at nearby foes to attack.
You have a long armoured tail.


   Skills:
 - Level 3.0 Fighting
 + Level 5.3 Axes
 - Level 1.5 Armour
 - Level 0.7 Dodging
 + Level 2.2 Shields
 * Level 3.7 Invocations


You had 5 spell levels left.
You didn't know any spells.
Your spell library contained the following spells:

 Spells                   Type           Power      Damage    Failure   Level
 Conjure Flame            Conj/Fire      0%         6-21      99%         3
 Ignite Poison            Fire/Tmut/Pois 0%         N/A       99%         3
 Sticky Flame             Conj/Fire      0%         2d3       100%        4

Inventory:

Hand Weapons
 a - a +1 hand axe (weapon)
 k - a +1 dagger of draining
Missiles
 n - 4 curare-tipped darts {=f}
Armour
 b - a +0 leather armour (worn)
 j - a +0 kite shield (worn)
Jewellery
 g - a ring of resist corrosion (right hand)
Wands
 r - a wand of iceblast (9)
Scrolls
 e - a scroll of magic mapping {unknown}
 i - a scroll of summoning {unknown}
 l - a scroll of immolation {unknown}
 m - 2 scrolls of noise {unknown}
 o - a scroll of holy word {unknown}
 q - 4 scrolls of identify {unknown}
Potions
 c - a potion of mutation {unknown}
 d - 2 potions of magic {unknown}
 f - 2 potions of attraction {unknown}
 h - 2 potions of heal wounds {unknown}
 p - a potion of berserk rage {unknown}

Dungeon Overview and Level Annotations

Branches:
Dungeon (4/15)             Temple (0/1) D:4

Altars:
Okawaru
Sif Muna
Uskayaw

..............▒▒▒....▒.▒▒▒▒▒▒▒▒▒▒
...▒▒▒▒▒▒▒▒▒▒..▒▒▒...▒...........
...▒ ▒▒≈⌠≈▒▒.......▒▒▒▒▒▒▒▒▒▒▒▒
...▒ ▒.....▒.▒▒....▒ ▒.......
▒▒▒▒ ▒..▒▒▒.K.▒▒....▒ ▒.......
▒[.....'.K▒....▒ ▒....... ▒▒▒▒
▒£.▒▒▒.'.......▒ ▒....... ...▒
▒.....▒...▒...▒▒▒ ▒....... ...▒
▒▒▒≈⌠≈▒▒.▒H......▒ ▒....... ...▒
▒.▒▒▒▒▒.g▒.......▒ ▒....(.. ...▒
▒........▒.......▒ ▒....... ...▒
▒........▒.......▒ ▒....... ...▒
▒........▒..>...(▒ ▒....... ...▒
▒........▒.......▒ ▒....... ▒▒▒▒
▒........▒▒......▒ ▒▒.▒▒▒▒▒
▒.......K▒▒▒▒▒▒▒▒▒▒▒▒.▒
▒........KKg)<....▒<▒.▒


You could see a kobold brigand and a kobold.


Message History

A small abomination comes into view.
There is a fountain of sparkling water here.
Found a gateway leading out of the Abyss.
There is a gateway leading out of the Abyss here.
You pass through the gate.
Welcome back to the Dungeon!
The kobold hits you with a +2 whip of electrocution.
The kobold brigand throws a curare-tipped dart.
The curare-tipped dart hits you.
You are poisoned.
You have difficulty breathing.
You feel yourself slow down. You block the kobold's attack.
The kobold closely misses you.
Unknown command.
You feel very sick.
The kobold brigand throws a curare-tipped dart.
You block the curare-tipped dart.
You feel very sick.
You feel very sick.
You feel sick.
The kobold brigand throws a curare-tipped dart.
The curare-tipped dart hits you.
You are lethally poisoned!
You have difficulty breathing.
* * * LOW HITPOINT WARNING * * *
You feel as though you will be slow longer.
* * * LOW HITPOINT WARNING * * *
You feel very sick.
You die...

Action                   |  1- 3 |  4- 6 || total
-------------------------+-------+-------++-------
Melee: Hand axe          |    95 |   126 ||   221
       Tailslap          |    10 |    20 ||    30
 Abil: Rolling Charge    |       |     4 ||     4
Armor: Leather armour    |    28 |    34 ||    62
Dodge: Dodged            |    52 |    44 ||    96
Block: Kite shield       |       |    60 ||    60

Levels and vault maps discovered:
D:1:      sevenhm_arrival_forest_fort_small_6, layout_basic,
          hellmonk_ecumenical_altar_inner_sanctum,
          ebering_dispersal_statue_hall, serial_bayou_crossing
D:2:      wad_crossroads, layout_loops_ring
D:3:      layout_basic, gammafunk_ghost_nasty_kobolds
D:4:      kennysheep_six_static_rooms, layout_basic, amcnicky_altar_gilded,
          old_standard_altar, mainiacjoe_overflow_small_starburst,
          minmay_temple_entry_purple_smoke, hangedman_decor_opposing

Notes
Turn   | Place    | Note
-------+----------+-------------------------------------------
     0 | Abyss:1  | sanka the Palentonga Abyssal Knight began the quest for the
                  | Orb.
     0 | Abyss:1  | Reached XP level 1. HP: 19/19 MP: 2/2
    38 | D:1      | Escaped the Abyss
   346 | D:1      | Reached XP level 2. HP: 25/25 MP: 3/3
   433 | D:1      | Found a faded altar of an unknown god.
   473 | D:1      | Reached skill level 3 in Axes
  1400 | D:2      | Reached ** piety under Lugonu
  1401 | D:2      | Reached XP level 3. HP: 30/31 MP: 4/4
  1825 | D:2      | Reached skill level 4 in Axes
  2147 | D:2      | Reached XP level 4. HP: 37/37 MP: 5/5
  2703 | D:3      | Reached skill level 1 in Shields
  2703 | D:3      | Reached XP level 5. HP: 30/43 MP: 6/6
  3079 | D:3      | Found a runed translucent gate.
  3079 | D:3      | Found a runed translucent gate.
  3079 | D:3      | Found a runed translucent gate.
  3082 | D:3      | Noticed rigao's ghost (amateur OpVM)
  3564 | D:4      | Reached *** piety under Lugonu
  3679 | D:4      | Found a staircase to the Ecumenical Temple.
  3756 | D:4      | Found an iron altar of Okawaru.
  3798 | D:4      | Found a shimmering blue altar of Sif Muna.
  3822 | D:4      | Reached skill level 5 in Axes
  4146 | D:4      | Found a hide-covered altar of Uskayaw.
  4437 | D:3      | HP: 2/43 [gnoll shaman (8)]
  5083 | D:2      | Killed rigao's ghost
  5084 | D:2      | Reached skill level 2 in Shields
  5084 | D:2      | Reached skill level 3 in Invocations
  5084 | D:2      | Reached XP level 6. HP: 20/50 MP: 6/8
  5412 | D:3      | Cast into level 1 of the Abyss (kobold brigand)
  5456 | Abyss:1  | Noticed a tentacled starspawn
  5473 | D:3      | Escaped the Abyss
  5478 | D:3      | HP: 3/50 [poisoned by a kobold brigand (curare-tipped
                  | dart)]
  5479 | D:3      | Succumbed to a kobold brigand's curare-tipped dart

Vanquished Creatures
  The ghost of rigao the Stinger, an amateur OpVM (D:2)
  A water moccasin skeleton (D:3)
  A gnoll (D:4)
  3 adders
  An adder skeleton (D:4)
  4 dart slugs
  2 orcs
  5 ball pythons
  3 bats
  9 endoplasms
  2 giant cockroaches
  6 hobgoblins
  9 jackals
  4 quokkas
  2 frilled lizards
  8 goblins
  12 kobolds
  4 rats
77 creatures vanquished.

Vanquished Creatures (others)
  3 fungi (D:3)
  A plant (D:3)
4 creatures vanquished.

Grand Total: 81 creatures vanquished
